 Dungeon Crawl Stone Soup version 0.26.1-10-gdfb7c7de75 (webtiles) character file.

Game seed: 8295355452861213147

646 MalarOregon the Grasshopper (level 7, 0/46 HPs)
             Began as a Halfling Warper on Apr 1, 2021.
             Was a Believer of Zin.
             Slain by a centaur (2 damage)
             ... on level 6 of the Dungeon.
             The game lasted 00:08:09 (6956 turns).

MalarOregon the Grasshopper (Halfling Warper)       Turns: 6956, Time: 00:08:10

Health: 0/46       AC: 13    Str: 13    XL:     7   Next: 82%
Magic:  10/10      EV:  9    Int: 12    God:    Zin [**....]
Gold:   182        SH:  0    Dex: 14    Spells: 10/10 levels left

rFire    . . .     SeeInvis .   a - +0 falchion
rCold    . . .     Faith    .   (shield restricted)
rNeg     . . .     Spirit   .   q - +0 chain mail
rPois    .         Reflect  .   i - +2 helmet
rElec    .         Harm     .   n - +0 cloak
rCorr    .         Rampage  .   (no gloves)
Will     .....                  (no boots)
Stlth    ..........             (no amulet)
HPRegen  0.15/turn              (no ring)
MPRegen  0.12/turn              (no ring)

@: mighty
A: small, mutation resistance 1
a: Renounce Religion, Recite, Vitalisation, Donate Gold


You were on level 6 of the Dungeon.
You worshipped Zin.
Zin was pleased with you.
You visited 2 branches of the dungeon, and saw 7 of its levels.
You also visited: Sewer.

You collected 202 gold pieces.
You donated 20 gold pieces to Zin.

Inventory:

Hand Weapons
 a - a +0 falchion (weapon)
Missiles
 e - 5 boomerangs of dispersal {!f}
 f - 173 stones
 p - 23 poisoned darts (quivered)
 y - 6 boomerangs
Armour
 i - a +2 helmet (worn)
   (You found it on level 2 of the Dungeon)
 n - a +0 cloak (worn)
   (You found it on level 2 of the Dungeon)
 q - a +0 chain mail (worn)
   (You found it on level 2 of the Dungeon)
Jewellery
 x - an uncursed ring of positive energy {unknown}
   (You found it on level 5 of the Dungeon)
Wands
 v - a wand of digging (5)
   (You took it off Terence on level 2 of the Dungeon)
Scrolls
 b - a scroll of amnesia {unknown}
 c - 2 scrolls of teleportation {unknown}
 d - 2 scrolls of blinking
 g - 6 scrolls of identify {unknown}
 h - 2 scrolls of remove curse {unknown}
 k - a scroll of random uselessness {unknown}
 l - 2 scrolls of fog {unknown}
 m - a scroll of immolation {unknown}
 o - a scroll of enchant armour {unknown}
Potions
 j - a potion of berserk rage {unknown}
 r - 2 potions of flight {unknown}
 s - 3 potions of curing {unknown}
 t - 2 potions of brilliance {unknown}
 u - a potion of invisibility {unknown}
 w - 2 potions of ambrosia {unknown}
 z - a potion of might
 A - a potion of attraction {unknown}


   Skills:
 * Level 3.4 Fighting
 * Level 3.7 Long Blades
 * Level 3.3 Throwing
 * Level 3.5 Armour
 * Level 4.0 Dodging
 + Level 2.2 Spellcasting
 + Level 4.0 Translocations
 + Level 0.0 Invocations


You had 10 spell levels left.
You didn't know any spells.
Your spell library contained the following spells:

 Spells                   Type           Power        Failure   Level
 Blink                    Tloc           N/A          91%         2
 Gell's Gravitas          Tloc           5%           99%         3
 Lesser Beckoning         Tloc           5%           99%         3
 Teleport Other           Tloc           11%          99%         3
 Passage of Golubria      Tloc           N/A          100%        4


Dungeon Overview and Level Annotations

Branches:
Dungeon (6/15)             Temple (1/1) D:5           Sewer (visited)

Altars:
Ashenzari
Cheibriados
Dithmenos
Elyvilon
Fedhas
Gozag
Hepliaklqana
Kikubaaqudgha
Nemelex Xobeh
Qazlal
Ru
Sif Muna
Uskayaw
Vehumet
Wu Jian
Xom
Yredelemnul
Zin


Innate Abilities, Weirdness & Mutations

You are small and have problems with some larger weapons.
You are somewhat resistant to further mutation.


Message History

The electric eel shoots out a bolt of lightning at you!
The bolt of electricity hits you!
* * * LOW HITPOINT WARNING * * *
You start resting.
A centaur comes into view.
You start resting.
A centaur is nearby!
Unknown command.
Throw: 25 darts (poison)
Aim: a centaur, quivering 13 arrows (wandering, hasn't noticed you, 70% to hit)
You throw a poisoned dart.
The poisoned dart barely misses the centaur.
The centaur wields a +0 shortbow.
The centaur shoots an arrow.
The arrow hits you.
* * * LOW HITPOINT WARNING * * *
Throw: 24 darts (poison)
Aim: a centaur, wielding a +0 shortbow and quivering 12 arrows (69% to hit)
You throw a poisoned dart. The poisoned dart hits the centaur.
The centaur is poisoned.
The centaur shoots an arrow.
The arrow hits you but does no damage.
Throw: 23 darts (poison)
Aim: a centaur, wielding a +0 shortbow and quivering 11 arrows (poisoned, 71% to hit)
Okay, then.
You clear your throat and prepare to recite. "It was then that Zin bade them..."
The centaur shoots an arrow.
The arrow closely misses you. "...not to stray from order, lest..."
The centaur shoots an arrow.
The arrow hits you but does no damage.
The centaur shoots an arrow.
The arrow completely misses you.
You see here an arrow. "...they become as damned as the bastard children of Xom."
You finish reciting Apostates 18:23.
The centaur shoots an arrow.
The arrow hits you but does no damage.
You see here an arrow.
The centaur shoots an arrow.
The arrow hits you but does no damage.
The centaur shoots an arrow.
The arrow hits you.
* * * LOW HITPOINT WARNING * * *
You see here 2 arrows.
The centaur shoots an arrow.
The arrow hits you!
* * * LOW HITPOINT WARNING * * *
Okay, then.
Okay, then.
The centaur shoots an arrow.
The arrow hits you but does no damage.
You see here an arrow.
The centaur looks more healthy.
The centaur unwields a +0 shortbow.
The centaur hits you but does no damage. x2
It was a potion of might.
You feel very mighty all of a sudden. The centaur hits you.
You die...

........PP.#.....;≈≈.....
.......≈P≈##.......#.....
........≈P##.......#.....
<.......P♣##.......# ..#
###......# #.......##..##
.........###.............
.........................
.............P...c.......
...............P@<.......
#..............(.P.###...
#...........P..♣.......>.
............((♣≈...P.....
..........((.(≈≈≈≈..>....
...........♣≈♣≈≈≈♣.....#
....###.....♣≈≈≈♣≈♣...##
.... #......≈♣≈≈≈....#
... #....♣..♣♣≈.....


You could see a centaur.

Vanquished Creatures
  Edmund (D:6)
  An ogre (D:6)
  A big kobold (Sewer)
  A scorpion (D:4)
  A bullfrog skeleton (D:4)
  An orc priest (D:5)
  2 worker ants (D:6)
  Terence (D:2)
  A hound skeleton (D:4)
  9 adders
  A river rat (Sewer)
  A white imp (D:2)
  An adder zombie (D:5)
  2 worms (D:2)
  A dart slug (D:1)
  2 leopard geckos
  2 orcs (D:5)
  7 giant cockroaches
  3 goblins (D:1)
  7 hobgoblins
  12 kobolds
  2 quokkas
  2 ball pythons
  6 bats
  15 frilled lizards
  10 rats
93 creatures vanquished.

Vanquished Creatures (others)
  26 plants
26 creatures vanquished.

Grand Total: 119 creatures vanquished

Notes
Turn   | Place    | Note
-------+----------+-------------------------------------------
     0 | D:1      | MalarOregon the Halfling Warper began the quest for the
                  | Orb.
     0 | D:1      | Reached XP level 1. HP: 14/14 MP: 3/3
   293 | D:1      | Reached XP level 2. HP: 19/19 MP: 4/4
   957 | D:1      | Reached XP level 3. HP: 24/24 MP: 5/5
  1580 | D:2      | Reached XP level 4. HP: 24/29 MP: 6/6
  2460 | D:2      | Noticed Terence
  2491 | D:2      | Killed Terence
  2501 | D:2      | Reached XP level 5. HP: 7/35 MP: 7/7
  3292 | D:3      | Found a glowing drain.
  3316 | Sewer    | Entered a sewer
  3467 | Sewer    | Noticed a big kobold
  3484 | Sewer    | Killed a big kobold
  3485 | Sewer    | Reached XP level 6. HP: 41/41 MP: 7/9
  3603 | Sewer    | Found a glowing silver altar of Zin.
  3670 | Sewer    | Became a worshipper of Zin the Law-Giver
  3854 | D:3      | HP: 2/41 [poisoned by a kobold]
  4416 | D:4      | Found a hazy altar of Hepliaklqana.
  4420 | D:4      | Reached * piety under Zin
  4423 | D:4      | Found a basalt altar of Yredelemnul.
  5174 | D:5      | Entered Level 5 of the Dungeon
  5366 | D:5      | Found a staircase to the Ecumenical Temple.
  5683 | D:5      | Reached XP level 7. HP: 40/46 MP: 10/10
  6171 | Temple   | Entered the Ecumenical Temple
  6675 | D:6      | Noticed Edmund
  6701 | D:6      | Killed Edmund
  6850 | D:6      | Reached ** piety under Zin
  6953 | D:6      | HP: 1/46 [centaur/arrow (8)]
  6956 | D:6      | Slain by a centaur

Illustrated notes

Levels and vault maps discovered:
D:1:      amcnicky_arrival_abandoned_market, layout_basic
D:2:      layout_basic, mrwooster_statue_mirror, grunt_ministairs_12,
          minmay_misc_feat_five, minmay_lizard_king, uniq_terence
D:3:      layout_basic, gup_sewer_entry_glass
D:4:      layout_loops_ring, general_overflow_altar, overflow_temple_1_default
D:5:      layout_basic, temple_fountains, fountainhead, guppyfry_early_lair_pool
D:6:      layout_basic, serial_bayou, serial_bayou_pond_a,
          serial_bayou_crossing, serial_bayou_lagoon_a, serial_bayou_pond_e,
          uniq_edmund
Temple:   nicolae_temple_x_marks_the_god

Skill      XL: |  1  2  3  4  5  6  7 |
---------------+----------------------+-----
Fighting       | 2 3 |  3.4
Throwing       | 2 3 |  3.3
Armour         | 2 3 |  3.5
Long Blades    | 3 |  3.7
Dodging        | 3 4 |  4.0
Spellcasting   | 2 |  2.2
Translocations | 4 |  4.0

Action                   |  1- 3 |  4- 6 |  7- 9 || total
-------------------------+-------+-------+-------++-------
Melee: Falchion          |    96 |   247 |    25 ||   368
Throw: Stone             |     7 |    37 |       ||    44
       Dart              |       |    21 |    28 ||    49
Invok: Recite            |       |       |     1 ||     1
  Use: Potion            |     1 |       |     1 ||     2
Armor: Leather armour    |    20 |     5 |       ||    25
       Ring mail         |       |    13 |       ||    13
       Chain mail        |       |   120 |    14 ||   134
Dodge: Dodged            |    86 |   161 |    14 ||   261
       Rpst.: Falchion   |    26 |    47 |     4 ||    77
